 Dungeon Crawl Stone Soup version 0.28.0-53-g5a82cb258f (webtiles) character file.

Game seed: 6837732499049638631

1725 SanguineChosen the Covered (level 9, 0/82 HPs)
             Began as a Gargoyle Fighter on July 18, 2022.
             Killed by divine providence
             ... invoked by an orc priest
              (13 damage)
             ... on level 6 of the Dungeon.
             The game lasted 00:19:06 (6960 turns).

SanguineChosen the Covered (Gargoyle Fighter)       Turns: 6960, Time: 00:19:07

Health: 0/82       AC: 28    Str: 23 (24) XL:     9   Next: 4%
Magic:  9/9        EV:  2    Int:  8 (9)  God:
Gold:   321        SH:  4    Dex:  6 (9)  Spells: 8/8 levels left

rFire   + . .      SeeInvis .   y - +0 whip (drain)
rCold   + . .      Faith    .   c - +0 buckler
rNeg    + . .      Spirit   .   (armour currently unavailable)
rPois   ∞          Reflect  .   (helmet currently unavailable)
rElec   +          Harm     .   (cloak currently unavailable)
rCorr   +          Rampage  .   (gloves currently unavailable)
Will    .....      NoTele   +   (boots currently unavailable)
Stlth   +.........              (no amulet)
HPRegen 0.23/turn               k - +4 ring of protection
MPRegen 0.11/turn               z - +4 ring of evasion

@: tree-form, resistant, attractive
A: stationary, stasis, torment immunity, boosted hp, sickness immunity, AC +6,
negative energy resistance 1, (electricity resistance), torment resistance 1,
petrification resistance
a: no special abilities


You were on level 6 of the Dungeon.
You were a tree.
You visited 1 branch of the dungeon, and saw 6 of its levels.

You collected 321 gold pieces.

Inventory:

Hand Weapons
 a - a +0 flail of freezing
 s - a +0 hand axe of venom
 v - a +2 quarterstaff of chaos
 y - a +0 whip of draining (weapon)
Missiles
 e - 17 poisoned darts (quivered)
Armour
 b - a +0 scale mail (melded)
 c - a +0 buckler (worn)
 h - a +0 helmet (melded)
 r - a +0 cloak (melded)
Jewellery
 k - a +4 ring of protection (left branch)
 u - an amulet of faith
 z - a +4 ring of evasion (right branch)
Wands
 m - a wand of digging (4)
 t - a wand of iceblast (6)
Scrolls
 g - 2 scrolls of blinking
 w - a scroll of silence
Potions
 d - 2 potions of might
 l - 2 potions of berserk rage
 p - 2 potions of flight


   Skills:
 + Level 5.9 Fighting
 + Level 4.7(5.5) Axes
 + Level 4.9(6.0) Maces & Flails
 + Level 0.2 Throwing
 + Level 6.4 Armour
 + Level 3.1 Dodging
 + Level 1.0 Stealth
 + Level 5.0 Shields


You had 8 spell levels left.
You didn't know any spells.
Your spell library contained the following spells:

 Spells                   Type           Power      Damage    Failure   Level
 Magic Dart               Conj           0%         1d3       50%         1
 Summon Small Mammal      Summ           0%         N/A       50%         1
 Searing Ray              Conj           0%         2d4       63%         2
 Static Discharge         Conj/Air       0%         N/A       63%         2
 Call Canine Familiar     Summ           0%         N/A       86%         3
 Summon Guardian Golem    Hex/Summ       0%         N/A       86%         3
 Tukima's Dance           Hex            0%         N/A       86%         3
 Anguish                  Hex/Necr       0%         N/A       99%         4
 Fulminant Prism          Conj/Hex       0%         3d6       99%         4
 Lightning Bolt           Conj/Air       0%         1d11      100%        5
 Enfeeble                 Hex            0%         N/A       100%        7
 Orb of Destruction       Conj           0%         9d5       100%        7
 Spellforged Servitor     Conj/Summ      0%         N/A       100%        7
 Maxwell's Capacitive Co  Air            0%         ∞         100%        8


Dungeon Overview and Level Annotations

Branches:
Dungeon (6/15)             Temple (0/1) D:4

Altars:
Dithmenos
Fedhas
Kikubaaqudgha
Makhleb
Xom
Yredelemnul

Shops:
D:5 (


Innate Abilities, Weirdness & Mutations

You are a tree.
Your roots penetrate the ground, keeping you stationary.
You cannot be teleported.
You are immune to unholy pain and torment.
Your maximum health is greatly increased.
Your equipment is partially melded.
You are immune to sickness and miasma.
((Your stone body is resilient. (AC +6)))
You are immune to poison.
You resist negative energy. (rN+)
((You are resistant to electric shocks. (rElec)))
You are resistant to unholy torment.
You are immune to petrification.


Message History

You hit the ufetubus but do no damage.
The ufetubus is almost dead.
You catch the helpless ufetubus completely off-guard!
You hit the ufetubus.
You kill the ufetubus!
You start resting.
An orc is nearby!
You feel yourself slow down.
You flicker for a moment.
You flicker back into view.
An orc is nearby!
You start resting.
An orc is nearby!
It was a potion of attraction.
You feel attractive to monsters. The orc is attracted toward you.
The orc priest is attracted toward you.
It was a potion of resistance.
You feel protected. The orc barely misses you.
It was a potion of degeneration.
There was something very wrong with that liquid.
You feel weakened.
You feel dopey.
You feel clumsy. The orc closely misses you.
It was a potion of lignification.
You turn into a tree.
Your +0 cloak melds into your body.
Your +0 helmet melds into your body.
Your +0 scale mail melds into your body.
Your roots penetrate the ground.
The orc hits you with a +0 war axe.
* * * LOW HITPOINT WARNING * * *
The orc is attracted toward you.
You hit the orc but do no damage. The orc hits you with a +0 war axe.
* * * LOW HITPOINT WARNING * * *
The orc hits you but does no damage.
You barely miss the orc. The orc hits you but does no damage.
The orc priest is attracted toward you.
You hit the orc. You drain the orc.
You kill the orc!
The orc hits you but does no damage.
The orc priest mumbles some strange prayers to Beogh against you.
Beogh smites you!
You die...

# #### ## ####### #..#####.
#..##.# ### ##.#....#
####..#..# #.# #......#
#..#.....## #.####.#####.
##.......o#####..##.## ##
##.##.####♣.........# #
#..#..####o........## #
#..#....##o..####...## #
###........§..## #.....## ##
#......o......# #......####.
....#####..###..####...##......
###. #...##...##...#####....
#..# ##.............## ##)#..
#.###.......##......###.###.


You could see 2 orc priests and an orc.

Vanquished Creatures
  Grinder (D:5)
  Duvessa (D:5)
  2 sky beasts
  An ogre (D:5)
  Blork the orc (D:5)
  A scorpion (D:6)
  Dowan (D:5)
  4 electric eels (D:6)
  A howler monkey (D:5)
  A bullfrog zombie (D:6)
  2 jellies
  A hound (D:5)
  An orc priest (D:4)
  Crazy Yiuf (D:3)
  A centaur skeleton (D:5)
  5 iguanas
  6 orc wizards
  Robin (D:3)
  4 gnolls
  12 adders
  An ufetubus (D:6)
  2 worms
  3 dart slugs
  24 orcs
  4 endoplasms
  2 giant cockroaches (D:2)
  11 hobgoblins
  7 jackals
  10 kobolds
  5 quokkas
  5 ball pythons
  7 bats
  2 frilled lizards (D:2)
  16 goblins
  4 rats
151 creatures vanquished.

Vanquished Creatures (others)
  2 orcs (D:6)
  42 plants (D:6)
44 creatures vanquished.

Grand Total: 195 creatures vanquished

Notes
Turn   | Place    | Note
-------+----------+-------------------------------------------
     0 | D:1      | SanguineChosen the Gargoyle Fighter began the quest for the
                  | Orb.
     0 | D:1      | Reached XP level 1. HP: 14/14 MP: 1/1
    61 | D:1      | Reached XP level 2. HP: 18/19 MP: 2/2
   617 | D:1      | Reached XP level 3. HP: 22/24 MP: 3/3
   715 | D:1      | Found a faded altar of an unknown god.
  1347 | D:2      | Reached XP level 4. HP: 29/29 MP: 4/4
  1683 | D:2      | Reached skill level 1 in Dodging
  1983 | D:3      | Found a runed translucent door.
  1984 | D:3      | Noticed Crazy Yiuf
  2224 | D:3      | Found a shadowy altar of Dithmenos.
  2272 | D:3      | Reached XP level 5. HP: 32/33 MP: 5/5
  2541 | D:3      | Noticed Robin
  2566 | D:3      | Killed Robin
  2674 | D:3      | Found a burning altar of Makhleb.
  2874 | D:3      | Killed Crazy Yiuf
  3073 | D:4      | Reached XP level 6. HP: 38/38 MP: 6/6
  3207 | D:4      | Found a staircase to the Ecumenical Temple.
  3302 | D:4      | Found a shimmering altar of Xom.
  3364 | D:4      | Found a basalt altar of Yredelemnul.
  3407 | D:4      | Reached skill level 4 in Armour
  3496 | D:4      | Found an ancient bone altar of Kikubaaqudgha.
  3784 | D:4      | Noticed a sky beast
  3799 | D:4      | Killed a sky beast
  3800 | D:4      | Reached skill level 1 in Axes
  3800 | D:4      | Reached XP level 7. HP: 40/44 MP: 7/7
  4265 | D:5      | Entered Level 5 of the Dungeon
  4316 | D:5      | Noticed Grinder
  4357 | D:5      | Killed Grinder
  4594 | D:5      | Reached skill level 5 in Fighting
  4814 | D:5      | Reached XP level 8. HP: 46/49 MP: 8/8
  4857 | D:5      | Noticed Dowan
  4857 | D:5      | Noticed Duvessa
  4879 | D:5      | Killed Duvessa
  4892 | D:5      | Killed Dowan
  4941 | D:5      | Noticed Blork the orc
  4950 | D:5      | Killed Blork the orc
  4951 | D:5      | Reached skill level 5 in Armour
  5185 | D:5      | Found a blossoming altar of Fedhas.
  5213 | D:5      | Found Loageem's Weapon Shop.
  6545 | D:6      | Reached skill level 1 in Stealth
  6557 | D:6      | Reached skill level 6 in Armour
  6774 | D:6      | Reached XP level 9. HP: 37/55 MP: 9/9
  6874 | D:6      | Reached skill level 5 in Shields
  6960 | D:6      | Killed from afar by an orc priest

Illustrated notes

Levels and vault maps discovered:
D:1:      amcnicky_arrival_feature_with_door, layout_rooms,
          ebering_ecumenical_altar_ruins
D:2:      minmay_thinvault, layout_basic
D:3:      layout_loops_ring, amcnicky_altar_gilded,
          nicolae_dithmenos_shadow_blocks, serial_park_tiny_2, uniq_robin,
          uniq_crazy_yiuf_cottage
D:4:      cheibrodos_pilgrimage, layout_cave_pods, lemuel_tele_altar,
          mainiacjoe_overflow_big_doors, temple_hall_moat
D:5:      layout_basic, kennysheep_mini_moat, serial_shops,
          nicolae_shop_bloodbath_and_beyond, uniq_duvessa, uniq_blork_the_orc,
          uniq_grinder
D:6:      layout_layer_cave, serial_bayou, serial_bayou_pond_b,
          serial_bayou_lagoon_b, serial_bayou_ford_a, serial_bayou_pond_e,
          uniq_maggie

Skill      XL: |  1  2  3  4  5  6  7  8  9 |
---------------+----------------------------+-----
Maces & Flails | 3 4 |  4.9
Dodging        | 1 2 3 |  3.1
Fighting       | 4 5 |  5.9
Shields        | 4 5 |  5.0
Armour         | 4 6 |  6.4
Axes           | 1 3 4 |  4.7
Stealth        | 1 |  1.0
Throwing       | |  0.2

Action                   |  1- 3 |  4- 6 |  7- 9 || total
-------------------------+-------+-------+-------++-------
Melee: Flail             |   116 |   161 |       ||   277
       Hand axe          |       |    72 |   171 ||   243
       Whip              |       |       |   102 ||   102
Throw: Dart              |       |       |     8 ||     8
Evoke: Wand              |       |       |     1 ||     1
  Use: Scroll            |       |     6 |     4 ||    10
       Potion            |       |       |     9 ||     9
 Stab: Invisible         |       |       |     2 ||     2
Armor: Scale mail        |    91 |   143 |   109 ||   343
       Skin              |       |       |     3 ||     3
Dodge: Dodged            |    73 |    99 |   138 ||   310
Block: Buckler           |    32 |    40 |    41 ||   113
